 Dungeon Crawl Stone Soup version 0.31.0-11-ge490571c62 (webtiles) character file.

Game seed: 7017415927161002655

7380 Buffagor the Mimic (level 11, -2/84 HPs)
             Began as a Merfolk Shapeshifter on Feb 2, 2024.
             Was an Elder of Uskayaw.
             Slain by Amaemon
             ... wielding a -2 demon whip of venom
              (14 damage)
             ... on level 10 of the Dungeon.
             The game lasted 00:41:11 (11268 turns).

Buffagor the Mimic (Merfolk Shapeshifter)          Turns: 11268, Time: 00:41:11

Health: -2/84      AC:  7    Str: 14    XL:     11   Next: 14%
Magic:  11/11      EV: 17    Int: 10    God:    Uskayaw [****..]
Gold:   653        SH:  0    Dex: 18    Spells: 10/10 levels left

rFire   . .          .
                       - Unarmed
rCold   . . .        (no shield)
rNeg    . . .        U - melded +0 steam dragon scales
rPois   .            s - +0 helmet
rElec   .            F - +2 cloak
rCorr   .            G - +0 pair of gloves
SInv    .            m - +1 pair of boots
Will    .....        n - amulet of the acrobat
Stlth   ++           (no ring)
HPRegen 0.34/turn    (no ring)
MPRegen 0.12/turn

%: acrobat
@: lethally poisoned (-2 -> -23), maw-form
A: devouring maw, (nimble swimmer 2), mertail
a: Begin Untransformation, Renounce Religion, Stomp, Line Pass


You were on level 10 of the Dungeon.
You worshipped Uskayaw.
Uskayaw was noncommittal.
You were a creature with a mouth for a stomach.
You visited 2 branches of the dungeon, and saw 11 of its levels.

You collected 653 gold pieces.

Inventory:

Hand Weapons
 b - a +1 sling of electrocution
Missiles
 j - 14 stones (quivered)
 q - 13 poisoned darts
 K - a curare-tipped dart
 M - 2 silver javelins
 W - 2 boomerangs
Armour
 m - a +1 pair of boots (worn)
 s - a +0 helmet (worn)
 F - a +2 cloak (worn)
 G - a +0 pair of gloves (worn)
 U - +0 steam dragon scales (melded)
 Z - a +0 troll leather armour
Magical Staves
 P - a staff of alchemy
Jewellery
 n - an amulet of the acrobat (around neck)
 o - a ring of resist corrosion
 w - an amulet of faith
 B - an amulet of guardian spirit
 Y - an amulet of regeneration
Talismans
 c - a beast talisman
 d - a flux talisman
 u - a maw talisman (active)
Wands
 i - a wand of iceblast (6)
 l - a wand of charming (5)
 E - a wand of polymorph (8)
 L - a wand of flame (11)
 R - a wand of quicksilver (12)
Scrolls
 e - 2 scrolls of enchant weapon
 h - 9 scrolls of teleportation
 t - a scroll of poison
 x - 2 scrolls of revelation
 y - a scroll of brand weapon
 z - a scroll of blinking
 A - a scroll of butterflies
 C - 2 scrolls of identify
 N - 4 scrolls of immolation
Potions
 a - a potion of enlightenment
 f - 3 potions of invisibility
 g - 5 potions of heal wounds
 k - 8 potions of curing
 p - 2 potions of mutation
 r - 4 potions of might
 v - 2 potions of ambrosia
 D - a potion of magic {unknown}
 I - 2 potions of lignification
 O - a potion of brilliance {unknown}
 S - a potion of haste {unknown}
 X - a potion of degeneration {unknown}


   Skills:
 + Level 7.3 Fighting
 + Level 9.1 Dodging
 + Level 10.8 Unarmed Combat
 * Level 13.0 Shapeshifting


You had 10 spell levels left.
You didn't know any spells.
Your spell library contained the following spells:

 Spells                   Type           Power      Damage    Failure   Level
 Magic Dart               Conj           0%         1d3       36%         1
 Sandblast                Erth           0%         2d4       36%         1
 Blink                    Tloc           0%         N/A       50%         2
 Call Imp                 Summ           0%         N/A       50%         2
 Cigotuvi's Dreadful Rot  Necr/Alch/Air  0%         N/A       50%         2
 Searing Ray              Conj           0%         2d4       50%         2
 Call Canine Familiar     Summ           0%         N/A       75%         3
 Inner Flame              Hex/Fire       0%         N/A       75%         3
 Passwall                 Erth           0%         N/A       75%         3
 Sigil of Binding         Hex            0%         N/A       75%         3
 Stone Arrow              Conj/Erth      0%         3d7       75%         3
 Brom's Barrelling Bould  Conj/Erth      0%         2d3       98%         4
 Dimensional Bullseye     Hex/Tloc       0%         N/A       98%         4
 Dispel Undead            Necr           0%         3d6       98%         4
 Flame Wave               Conj/Fire      0%         2d4       98%         4
 Fulminant Prism          Conj/Alch      0%         3d5       98%         4
 Martyr's Knell           Necr/Summ      0%         N/A       98%         4
 Sticky Flame             Fire/Alch      0%         2d4       98%         4
 Iskenderun's Battlesphe  Conj           0%         2d6       100%        5
 Bombard                  Conj/Erth      0%         9d1       100%        6
 Death Channel            Necr           0%         N/A       100%        6
 Spellforged Servitor     Conj/Summ      0%         N/A       100%        7


Dungeon Overview and Level Annotations

Branches:
Dungeon (10/15)            Temple (1/1) D:6            Lair (0/5) D:9
    Orc (0/2) D:9

Altars:
Ashenzari
Cheibriados
Dithmenos
Elyvilon
Fedhas
Gozag
Hepliaklqana
Kikubaaqudgha
Makhleb
Nemelex Xobeh
Okawaru
Qazlal
Ru
Sif Muna
Trog
Uskayaw
Vehumet
Wu Jian
Xom
Yredelemnul
Zin
The Shining One

Shops:
D:1 (

Annotations:
D:10 Amaemon


Innate Abilities, Weirdness & Mutations

You are a creature with a mouth for a stomach.
Your midsection houses a second, enormous mouth.
((You are very nimble when in or above water. (Stealth+, EV+, Speed+++)))
Your lower body shifts to a powerful aquatic tail in water.


Message History

The orange demon barely misses you.
You hit Amaemon but do no damage.
Amaemon is heavily wounded.
* * * LOW HITPOINT WARNING * * *
You feel extremely sick.
Amaemon mumbles some strange words.
The orange demon barely misses you.
You hit Amaemon. You bite Amaemon.
Amaemon is heavily wounded.
* * * LOW HITPOINT WARNING * * *
You feel very sick.
The scorpion disappears in a puff of smoke!
The scorpion misses you.
You pummel Amaemon!! Your punch misses Amaemon. You bite Amaemon!
Amaemon is almost dead.
* * * LOW HITPOINT WARNING * * *
You feel very sick. The scorpion closely misses you.
Amaemon hits you but does no damage.
You are more poisoned.
Amaemon closely misses you. Amaemon tail-slaps you.
* * * LOW HITPOINT WARNING * * *
The orange demon stings you but does no damage.
The scorpion completely misses you.
Uskayaw will force your foes to share their pain.
Uskayaw links your audience in an emotional bond!
You feel much better.
* * * LOW HITPOINT WARNING * * *
You feel extremely sick. The scorpion misses you.
Amaemon casts a spell at the scorpion.
The scorpion's venom grows more potent.
The orange demon completely misses you. The scorpion stings you.
* * * LOW HITPOINT WARNING * * *
The scorpion closely misses you.
You hit Amaemon.
Amaemon is almost dead.
* * * LOW HITPOINT WARNING * * *
You feel very sick.
Amaemon hits you with a -2 demon whip of venom!
You die...

...####.##.##.#6#
...#..#...#...#
#.#......s4..#
#......_.....#
+............#
#....#...#..##
#####....##.##4#
...........s.6.#
#####.......W###
#......s..#
##.##..###..#
##.###..# ##.#
##..#....## ..
#...).....# #.#
#.........## .#
##..........# .#
#...##.......#.


You could see Amaemon (pain bonded), an orange demon (curare, pain bonded) and 2
scorpions.

Vanquished Creatures
  A two-headed ogre (D:9)
  A gargoyle (D:10)
  A komodo dragon (D:10)
  2 hornets (D:10)
  A troll (D:9)
  2 shadows
  5 yaks (D:10)
  3 steam dragons
  2 water moccasins
  A sky beast (D:6)
  2 orc warriors (D:9)
  3 ice beasts
  2 ogres (D:4)
  2 centaurs
  A phantom (D:7)
  A kobold brigand (D:7)
  4 bullfrogs
  A gnoll sergeant (D:9)
  2 scorpions
  8 wights
  16 killer bees
  3 howler monkeys (D:9)
  6 hounds
  2 jellies
  Crazy Yiuf (D:5)
  9 orc priests
  A sleepcap (D:7)
  Natasha (thrice) (D:2)
  An iguana (D:6)
  7 orc wizards
  Robin (D:2)
  8 adders
  17 gnolls
  3 white imps
  4 ufetubi (D:6)
  3 dart slugs (D:1)
  3 ribbon worms
  50 orcs
  4 endoplasms
  4 giant cockroaches
  11 hobgoblins
  2 jackals
  8 kobolds
  4 quokkas
  3 ball pythons
  9 bats
  3 frilled lizards
  21 goblins
  5 rats
257 creatures vanquished.

Notes
Turn   | Place    | Note
-------+----------+-------------------------------------------
     0 | D:1      | Buffagor the Merfolk Shapeshifter began the quest for the
                  | Orb.
     0 | D:1      | Reached XP level 1. HP: 15/15 MP: 1/1
    70 | D:1      | Reached XP level 2. HP: 21/21 MP: 2/2
   348 | D:1      | Reached XP level 3. HP: 26/26 MP: 3/3
   396 | D:1      | Found Uthugruc's Weapon Shop.
   810 | D:2      | Reached skill level 5 in Unarmed Combat
   947 | D:2      | Reached XP level 4. HP: 24/32 MP: 4/4
  1445 | D:2      | Noticed Natasha
  1455 | D:2      | Killed Natasha
  1456 | D:2      | Reached XP level 5. HP: 9/37 MP: 5/5
  1565 | D:2      | Identified the +4 scale mail "Gaifan" {rElec Int+3 Dex-2}
  1706 | D:2      | Noticed Natasha
  1717 | D:2      | Killed Natasha
  1758 | D:2      | Noticed Natasha
  1764 | D:2      | Killed Natasha
  1808 | D:2      | Noticed Robin
  1820 | D:2      | Killed Robin
  2018 | D:3      | Reached XP level 6. HP: 43/43 MP: 6/6
  2031 | D:3      | Found a glowing golden altar of the Shining One.
  3421 | D:4      | Reached skill level 5 in Shapeshifting
  3421 | D:4      | Reached XP level 7. HP: 44/48 MP: 7/7
  3598 | D:5      | Entered Level 5 of the Dungeon
  3739 | D:5      | Found a stormy altar of Qazlal.
  3836 | D:5      | Reached skill level 6 in Shapeshifting
  3952 | D:5      | Found a shimmering altar of Xom.
  4079 | D:5      | Found a runed translucent door.
  4080 | D:5      | Noticed Crazy Yiuf
  4274 | D:5      | Reached skill level 7 in Shapeshifting
  4827 | D:4      | Reached XP level 8. HP: 56/56 MP: 8/8
  5032 | D:5      | Killed Crazy Yiuf
  5228 | D:6      | You fall into a shaft and drop 1 floor!
  5285 | D:6      | Found a staircase to the Ecumenical Temple.
  5290 | Temple   | Entered the Ecumenical Temple
  5409 | D:6      | Reached skill level 8 in Shapeshifting
  5628 | D:6      | Found a broken altar of Ashenzari.
  5628 | D:6      | Found a sacrificial altar of Ru.
  6045 | D:7      | Found an ornate altar of the Wu Jian Council.
  6320 | D:7      | Reached skill level 5 in Dodging
  6320 | D:7      | Reached skill level 9 in Shapeshifting
  6320 | D:7      | Reached XP level 9. HP: 57/64 MP: 9/9
  7137 | D:7      | Reached skill level 10 in Shapeshifting
  7629 | D:8      | Reached skill level 5 in Fighting
  8435 | D:9      | Noticed a two-headed ogre
  8445 | D:9      | Killed a two-headed ogre
  8446 | D:9      | Reached skill level 11 in Shapeshifting
  8446 | D:9      | Reached XP level 10. HP: 52/76 MP: 10/10
  8722 | D:9      | Reached skill level 10 in Unarmed Combat
  8728 | D:9      | Found a staircase to the Orcish Mines.
  9188 | D:9      | Reached skill level 12 in Shapeshifting
  9766 | D:9      | Found a blossoming altar of Fedhas.
  9766 | D:9      | Found a white marble altar of Elyvilon.
  9819 | D:9      | Found a staircase to the Lair.
 10269 | D:10     | Entered Level 10 of the Dungeon
 10324 | D:10     | Noticed a gargoyle
 10460 | D:10     | Found a hide-covered altar of Uskayaw.
 10468 | D:10     | Became a worshipper of Uskayaw the Reveller
 10490 | D:10     | Reached * piety under Uskayaw
 10496 | D:10     | Reached ** piety under Uskayaw
 10499 | D:10     | Reached *** piety under Uskayaw
 10500 | D:10     | Killed a gargoyle
 10500 | D:10     | Reached **** piety under Uskayaw
 10702 | D:10     | Reached XP level 11. HP: 84/84 MP: 11/11
 10752 | D:10     | Reached ***** piety under Uskayaw
 10780 | D:10     | Paralysed by a hornet for 2 turns
 10786 | D:10     | Paralysed by a hornet for 1 turns
 10788 | D:10     | Reached skill level 13 in Shapeshifting
 11020 | D:10     | Found an opulent altar of Gozag.
 11020 | D:10     | Found a radiant altar of Vehumet.
 11107 | D:10     | Identified the +6 falchion of No Interval {drain, Str+4
                  | SInv}
 11213 | D:10     | Found a basalt altar of Yredelemnul.
 11240 | D:10     | Found an iron altar of Okawaru.
 11244 | D:10     | Noticed Amaemon
 11266 | D:10     | HP: 4/84 [poisoned by Amaemon]
 11268 | D:10     | Slain by Amaemon

Illustrated notes

Levels and vault maps discovered:
D:1:      wander_arrival_abandoned_jail, layout_basic, serial_shops,
          nicolae_shop_scrapyard, chequers_big_river, chequers_avenue,
          st_stairs_1, minivault_5, nrook_campfire, corexii_hall_statues_s
D:2:      layout_loops_ring, kennysheep_generic_room_13, uniq_natasha,
          uniq_robin
D:3:      layout_basic, mainiacjoe_overflow_paths, palyth_stone_intersect
D:4:      layout_rooms, minmay_ogre_servants
D:5:      layout_loops_ring, mainiacjoe_overflow_concentric_impassable,
          nicolae_qazlal_scattered_showers, minmay_misc_feat_iff, minivault_27,
          hangedman_decor_push, kennysheep_big_empty_room,
          uniq_crazy_yiuf_cottage
D:6:      layout_loops_ring, mainiacjoe_overflow_large_starburst,
          minmay_temple_entry_steel_oval, minivault_1
D:7:      layout_basic, mainiacjoe_overflow_chevrons, minmay_joined_circles
D:8:      layout_basic
D:9:      layout_long_grid, gammafunk_temple_overflow_elements,
          lair_entry_dummy, hiddenorc2_lemuel, hangedman_abyss_or_decor_slice
D:10:     hellmonk_destroyed_diamonds, layout_layer_cave,
          mainiacjoe_overflow_tiny_flanked, okawaru_gym_becter,
          lemuel_round_altar, mainiacjoe_overflow_divided_tiny,
          minmay_misc_feat_room, uniq_amaemon
Temple:   hellmonk_temple_beads

Skill      XL: |  1  2  3  4  5  6  7  8  9 10 11 |
---------------+----------------------------------+-----
Unarmed Combat | 4 5 6 7 8 9 10 | 10.8
Shapeshifting  | 5 7 9 11 12 13 | 13.0
Dodging        | 3 5 7 8 9 |  9.1
Fighting       | 3 5 7 |  7.3

Action                     |  1- 3 |  4- 6 |  7- 9 | 10-12 || total
---------------------------+-------+-------+-------+-------++-------
  Melee: Unarmed           |    72 |   142 |   323 |   254 ||   791
         Punch             |     3 |     7 |     5 |    21 ||    36
         Maw               |       |       |       |    85 ||    85
  Throw: Boomerang         |    10 |   101 |     8 |       ||   119
         Stone             |       |       |    20 |    62 ||    82
Ability: Begin Untransform |       |       |     1 |       ||     1
  Evoke: Wand              |       |       |     2 |       ||     2
    Use: Potion            |       |       |     1 |     1 ||     2
         Scroll            |       |       |       |    25 ||    25
   Stab: Sleeping          |     1 |       |       |     1 ||     2
         Paralysed         |       |       |       |     3 ||     3
 Armour: Animal skin       |    22 |    52 |    31 |       ||   105
         Skin              |       |       |   143 |   113 ||   256
  Dodge: Dodged            |    37 |    61 |   241 |   182 ||   521
   Form: Flux              |       |       |     2 |       ||     2
         Maw               |       |       |       |     1 ||     1
